 Dungeon Crawl Stone Soup version 0.30-a0-49-g1cef19eb02 (webtiles) character file.

Game seed: 9734728527628140705

27 Newt the Ducker (level 2, 0/23 HPs)
             Began as a Demonspawn Gladiator on Sept 2, 2022.
             Slain by Terence
             ... wielding a +0 trident
              (7 damage)
             ... on level 2 of the Dungeon.
             The game lasted 00:01:13 (1146 turns).

Newt the Ducker (Demonspawn Gladiator)              Turns: 1146, Time: 00:01:14

Health: 0/23       AC:  4    Str: 14    XL:     2   Next: 93%
Magic:  2/2        EV: 12    Int: 15    God:
Gold:   39         SH:  0    Dex: 14    Spells: 1/1 levels left

rFire   . . .      SeeInvis .    b - +0 sling
rCold   . . .      Faith    .    (no shield)
rNeg    . . .      Spirit   .    g - +0 leather armour
rPois   .          Reflect  .    c - +0 helmet
rElec   .          Harm     .    (no cloak)
rCorr   .          Rampage  .    (no gloves)
Will    .....                    (no boots)
Stlth   ++........               (no amulet)
HPRegen 0.07/turn                h - +6 ring of intelligence
MPRegen 0.08/turn                (no ring)

@: no status effects
A: hooves 1
a: no special abilities


You were on level 2 of the Dungeon.
You visited 1 branch of the dungeon, and saw 2 of its levels.

You collected 39 gold pieces.

Inventory:

Hand Weapons
 a - a +0 rapier
 b - a +0 sling (weapon)
Missiles
 d - 3 throwing nets
 e - a javelin
Armour
 c - a +0 helmet (worn)
 g - a +0 leather armour (worn)
Jewellery
 h - a +6 ring of intelligence (left hand)
 k - a ring of fire
Scrolls
 f - a scroll of teleportation {unknown}
 j - a scroll of identify {unknown}
Potions
 i - 2 potions of brilliance {unknown}
 l - 2 potions of heal wounds {unknown}


   Skills:
 + Level 2.6 Fighting
 - Level 2.6 Short Blades
 - Level 1.7 Throwing
 - Level 2.6 Dodging
 - Level 2.0 Stealth


You had one spell level left.
You didn't know any spells.
Your spell library was empty.

Dungeon Overview and Level Annotations

Branches:
Dungeon (2/15)

Altars:

Annotations:
D:2 Terence


Innate Abilities, Weirdness & Mutations

You have large cloven feet.


Message History

You now have 39 gold pieces (gained 13).
Found a stone staircase leading down.
There is a stone staircase leading down here.
Found a chain mail.
You see here a +0 chain mail.
l - 2 puce potions You enter the shallow water.
Moving in this stuff is going to be slow.
Done exploring.
Done exploring.
Done exploring.
(D) Dungeon
Where to? (? - help)
There is a stone staircase leading down here.
You climb downwards.
Found a golden potion.
Found a stone staircase leading up.
There is a stone staircase leading up here.
Terence and a kobold come into view.
Found a ring of fire.
The kobold shouts!
There are monsters nearby!
There are monsters nearby!
There are monsters nearby!
You shoot a sling bullet.
The sling bullet hits Terence but does no damage.
You shoot a sling bullet. The sling bullet hits Terence.
Terence is lightly wounded.
Terence asks, "Do you want it fast or slow?"
You shoot a sling bullet.
The sling bullet hits Terence but does no damage.
Terence is lightly wounded.
Terence hits you from afar with a +0 trident.
The kobold hits you but does no damage. Terence closely misses you.
You shoot a sling bullet.
The sling bullet hits the kobold but does no damage.
Terence hits you from afar with a +0 trident!
The kobold barely misses you.
There is a stone staircase leading up here.
Terence hits you from afar with a +0 trident!
You die...

#.##..# ###.. ...
.... ..# #... ..#
####..##..##
...... ...##.#
.#####..##....!.#
.......@K@.......
.######.##..###.#
...# ..# ###.#
..# #.# ..# #.#
..= #.# #... ##<
.##


You could see Terence and a kobold.

Vanquished Creatures
  2 dart slugs (D:1)
  A ball python (D:1)
  An endoplasm (D:1)
  3 goblins (D:1)
  4 hobgoblins (D:1)
  3 jackals (D:1)
  A bat (D:1)
  4 kobolds (D:1)
  A rat (D:1)
20 creatures vanquished.

Notes
Turn   | Place    | Note
-------+----------+-------------------------------------------
     0 | D:1      | Newt the Demonspawn Gladiator began the quest for the Orb.
     0 | D:1      | Reached XP level 1. HP: 16/16 MP: 1/1
    77 | D:1      | Reached skill level 1 in Stealth
   455 | D:1      | Gained mutation: You have large cloven feet. [demonic
                  | ancestry]
   455 | D:1      | Reached XP level 2. HP: 22/22 MP: 2/2
  1139 | D:2      | Noticed Terence
  1146 | D:2      | Slain by Terence

Illustrated notes

Levels and vault maps discovered:
D:1:      heliophobic_arrival_henge, layout_loops_ring, minmay_misc_feat_roman,
          serial_bayou_ford_a
D:2:      layout_basic, grunt_ministairs_1, minmay_fountain_box, uniq_natasha,
          uniq_terence, uniq_robin

Skill      XL: |  1  2 |
---------------+-------+-----
Stealth        | 1 2 |  2.0
Fighting       | |  2.6
Short Blades   | |  2.6
Throwing       | |  1.7
Dodging        | |  2.6

Action                   || total
-------------------------++-------
Melee: Rapier            ||    33
       Kick              ||     2
 Fire: Sling             ||    48
Armor: Leather armour    ||    22
Dodge: Dodged            ||    40

Table legend: (Time is in decaauts)
 A = Elapsed time spent in this place.
 B = Non-inter-level travel time spent in this place.
 C = Inter-level travel time spent in this place.
 D = Time resting spent in this place.
 E = Time spent auto-exploring this place.
 F = Levels seen in this place.
 G = Mean time per level.
                   A        B        C        D        E       F      G
               +--------+--------+--------+--------+--------+-----+--------+
         Total |   1179 |   1160 |     19 |    264 |    718 |   2 |  589.5 |
       Dungeon |   1179 |   1160 |     19 |    264 |    718 |   2 |  589.5 |
               +--------+--------+--------+--------+--------+-----+--------+

Top non-repeatable levels by time:
     D:1: 1168 daAuts
     D:2: 10 daAuts
